 Dungeon Crawl Stone Soup version 0.28-a0-723-g095bd1b44f (webtiles) character file.

Game seed: 17867910414834811149

245 Rennog the Skirmisher (level 6, -7/41 HPs)
             Began as a Gargoyle Fighter on Oct 25, 2021.
             Mangled by a wight (10 damage)
             ... created by the anger of Yredelemnul
             ... in a sewer.
             The game lasted 00:04:44 (3220 turns).

Rennog the Skirmisher (Gargoyle Fighter)            Turns: 3220, Time: 00:04:44

Health: -7/41      AC: 15    Str: 20    XL:     6   Next: 10%
Magic:  0/6        EV:  7    Int:  9    God:
Gold:   110        SH:  4    Dex: 10    Spells: 5/5 levels left

rFire   . . .      SeeInvis .   a - +0 flail
rCold   . . .      Faith    .   c - +0 buckler
rNeg    + . .      Spirit   +   p - +0 chain mail
rPois   ∞          Reflect  .   (no helmet)
rElec   +          Harm     .   (no cloak)
rCorr   .          Rampage  .   g - +0 pair of gloves
Will    .....                   (no boots)
Stlth   ..........              e - amulet of guardian spirit
HPRegen 0.13/turn               (no ring)
MPRegen 0.10/turn               (no ring)

@: mighty
A: sickness immunity, AC +4, negative energy resistance 1, electricity
resistance, torment resistance 1, petrification resistance
a: no special abilities


You were in a sewer.
You visited 1 branch of the dungeon, and saw 4 of its levels.
You also visited: Sewer.

You collected 110 gold pieces.

Inventory:

Hand Weapons
 a - a +0 flail (weapon)
Missiles
 f - 3 silver javelins (quivered)
Armour
 c - a +0 buckler (worn)
 g - a +0 pair of gloves (worn)
 p - a +0 chain mail (worn)
Jewellery
 e - an amulet of guardian spirit (around neck)
Wands
 o - a wand of mindburst (30)
Scrolls
 k - 2 scrolls of teleportation {unknown}
 m - a scroll of noise {unknown}
 n - a scroll of enchant armour {unknown}
Potions
 h - a potion of brilliance {unknown}
 i - a potion of magic {unknown}
 j - 3 potions of curing {unknown}
 l - a potion of heal wounds {unknown}


   Skills:
 * Level 5.6 Fighting
 - Level 2.0 Maces & Flails
 + Level 4.5 Armour
 + Level 4.6 Shields


You had 5 spell levels left.
You didn't know any spells.
Your spell library contained the following spells:

 Spells                   Type           Power      Damage    Failure   Level
 Petrify                  Tmut/Erth      0%         N/A       100%        4
 Irradiate                Conj/Tmut      0%         3d14      100%        5
 Sublimation of Blood     Necr           Unusable   N/A       N/A         2

Dungeon Overview and Level Annotations

Branches:
Dungeon (4/15)              Sewer (1/1)
 Temple: D:4-7

Altars:
Ru
Yredelemnul


Innate Abilities, Weirdness & Mutations

You are immune to sickness and miasma.
Your stone body is resilient. (AC +4)
You are immune to poison.
You resist negative energy. (rN+)
You are resistant to electric shocks. (rElec)
You are resistant to unholy torment.
You are immune to petrification.


Message History

The wight hits you with a +4 scimitar of freezing!
The wight freezes you.
You hit the centaur warrior zombie but do no damage.
The centaur warrior zombie is moderately damaged.
The centaur warrior zombie hits you.
The centaur warrior zombie kicks you but does no damage.
The wight splashes around in the water.
The centaur warrior zombie hits you but does no damage.
The centaur warrior zombie kicks you but does no damage.
You hit the wight.
The wight is moderately damaged.
You block the centaur warrior zombie's attack. x2
The wight barely misses you.
You hit the wight but do no damage.
The wight is moderately damaged.
The centaur warrior zombie closely misses you.
The centaur warrior zombie kicks you. The wight completely misses you.
The centaur warrior zombie hits you.
The centaur warrior zombie completely misses you.
The wight splashes around in the water.
You hit the wight.
The wight is heavily damaged.
The centaur warrior zombie hits you but does no damage.
The centaur warrior zombie closely misses you.
The wight barely misses you.
The centaur warrior zombie hits you but does no damage.
You block the centaur warrior zombie's attack.
You hit the wight.
The wight is severely damaged.
The centaur warrior zombie completely misses you.
The centaur warrior zombie kicks you but does no damage.
The wight hits you with a +4 scimitar of freezing!
* * * LOW HITPOINT WARNING * * *
The wight freezes you.
* * * LOW HITPOINT WARNING * * *
The centaur warrior zombie hits you but does no damage.
The centaur warrior zombie kicks you but does no damage.
You feel very mighty all of a sudden.
The wight hits you with a +4 scimitar of freezing!
You die...

#.≈ ##≈≈#≈.# #≈≈≈
#≈≈.#÷∩# #≈≈#
##≈≈##.÷# #≈≈≈#
##≈≈≈#≈.## #≈.≈≈###
###.≈≈≈#≈≈#
#≈.≈≈≈#####≈≈.≈.##∩##
#≈≈≈†≈≈≈≈≈≈≈≈.#####
##≈≈Zz≈.≈≈.≈≈##
###@≈≈≈≈.≈###
#########


You could see a wight and a centaur warrior zombie.

Vanquished Creatures
  A necrophage (D:3)
  A wight (Sewer)
  A howler monkey (D:4)
  A mummy (D:2)
  4 adders
  A worm (D:2)
  A dart slug (D:1)
  2 orcs
  4 bats
  7 endoplasms
  3 giant cockroaches
  8 goblins
  10 hobgoblins
  6 jackals (D:1)
  9 quokkas
  5 ball pythons
  3 frilled lizards (Sewer)
  3 kobolds
  6 rats
76 creatures vanquished.

Notes
Turn   | Place    | Note
-------+----------+-------------------------------------------
     0 | D:1      | Rennog the Gargoyle Fighter began the quest for the Orb.
     0 | D:1      | Reached XP level 1. HP: 14/14 MP: 1/1
   181 | D:1      | Reached XP level 2. HP: 19/19 MP: 2/2
   427 | D:1      | Reached XP level 3. HP: 16/24 MP: 3/3
   428 | D:1      | Reached skill level 4 in Fighting
   632 | D:1      | Found a faded altar of an unknown god.
   650 | D:1      | Prayed at the altar of an unknown god.
   650 | D:1      | Became a worshipper of Yredelemnul the Dark
   650 | D:1      | Reached * piety under Yredelemnul
   666 | D:1      | Fell from the grace of Yredelemnul
  1391 | D:2      | Reached XP level 4. HP: 30/30 MP: 4/4
  1418 | D:2      | Found a basalt altar of Yredelemnul.
  2201 | D:3      | Noticed a necrophage
  2209 | D:3      | Killed a necrophage
  2210 | D:3      | Reached skill level 5 in Fighting
  2210 | D:3      | Reached XP level 5. HP: 35/35 MP: 5/5
  2508 | D:4      | Found a sacrificial altar of Ru.
  2663 | D:4      | Found a glowing drain.
  2680 | Sewer    | Entered a sewer
  2797 | Sewer    | Reached XP level 6. HP: 15/40 MP: 2/6
  3220 | Sewer    | Mangled by a wight

Illustrated notes

Levels and vault maps discovered:
D:1:      minmay_arrival_shoal_huts, layout_rooms,
          hellmonk_ecumenical_altar_blasted, st_stairs_2, patterned_corridor
D:2:      layout_loops_cross, basic_altar, serial_aquarium,
          aquarium_bridge_square [aquarium_subvault_window,
          aquarium_subvault_bridge, aquarium_subvault_bridge,
          aquarium_subvault_bridge], aquarium_bridge_long_separate
          [aquarium_subvault_bridge, aquarium_subvault_bridge,
          aquarium_subvault_bridge, aquarium_subvault_bridge,
          aquarium_subvault_wall, aquarium_subvault_window], aquarium_window_1,
          aquarium_window_corridor_2, aquarium_window_2, aquarium_window_1,
          aquarium_view_2d, aquarium_view_2c, aquarium_pool_five,
          chequers_serial_rivers_micro_c
D:3:      layout_rooms
D:4:      layout_loops_ring, nicolae_ru_sacrificial_ziggurat,
          portal_sewer_entry_d, kennysheep_donut, hangedman_glass_teeth,
          minmay_misc_feat_iff, uniq_menkaure
Sewer:    sewer_frog_island_02

Skill      XL: |  1  2  3  4 |
---------------+-------------+-----
Fighting       | 4 5 |  5.6
Armour         | 4 |  4.5
Shields        | 4 |  4.6
Maces & Flails | |  2.0

Action                   |  1- 3 |  4- 6 || total
-------------------------+-------+-------++-------
Melee: Flail             |   132 |   176 ||   308
Invok: Renounce Religion |     1 |       ||     1
  Use: Potion            |       |     1 ||     1
Armor: Scale mail        |    78 |    36 ||   114
       Chain mail        |       |   109 ||   109
Dodge: Dodged            |    68 |    91 ||   159
Block: Buckler           |    28 |    44 ||    72

Table legend: (Time is in decaauts)
 A = Elapsed time spent in this place.
 B = Non-inter-level travel time spent in this place.
 C = Inter-level travel time spent in this place.
 D = Time resting spent in this place.
 E = Time spent auto-exploring this place.
 F = Levels seen in this place.
 G = Mean time per level.
                   A        B        C        D        E       F      G
               +--------+--------+--------+--------+--------+-----+--------+
         Total |   3354 |   3138 |    216 |      0 |   2433 |   5 |  670.8 |
       Dungeon |   2764 |   2548 |    216 |      0 |   1997 |   4 |  691.0 |
         Sewer |    590 |    590 |      0 |      0 |    436 |   1 |  590.0 |
               +--------+--------+--------+--------+--------+-----+--------+

Top non-repeatable levels by time:
     D:1: 1139 daAuts
     D:2: 1036 daAuts
   Sewer: 590 daAuts
     D:3: 395 daAuts
     D:4: 192 daAuts
